AoeStats
← Kaiser Ze

Arabia

509069238Analyzed
1v1 RM · 7d ago on Sep 25, 2026· 30m 19s· 2 players
Game mode
Random Map
Map size
Tiny (2 player)
Population
200
Speed
Normal
Resources
Standard
Victory
Conquest
Starting age
Dark Age
Ending age
Imperial Age
RankedLock teamsTeams togetherTeam positionsShared explorationLock speedFull tech treeHidden civsTurbo modeCheats
Victory
Defeat
🇧🇷 Varangians · Brazil
1207
+18
🇨🇳 Varangians · China
1241
-18
gui.sabbag
7:03 Loom
9:19 Feudal Age
16:40 Scale Barding Armor
16:48 Forging
16:51 Bloodlines
17:25 Scale Barding Armor
19:41 Wheelbarrow
22:44 Castle Age
20:54 Horse Collar
21:41 Gold Mining
22:44 Double-Bit Axe
24:05 Bow Saw
28:20 Iron Casting
Kaiser Ze
6:00 Loom
9:03 Feudal Age
10:57 Bloodlines
23:28 Castle Age
22:07 Gold Mining
22:42 Forging
22:52 Double-Bit Axe
22:56 Horse Collar
23:35 Scale Barding Armor
27:37 Wheelbarrow
27:38 Husbandry
Connection lost

Rejoining the realm…

Still unreachable

The connection could not be restored.

Session expired

The server has moved on; the page needs a fresh start.